[ PARTIDA AOE2 · #495908274 ]
UnrankedHunos vs Teutons
Equipo del jugador · DERR
Equipo rival · VICT
[ ANÁLISIS DE REPETICIÓN · EXTRAÍDO DE LA PARTIDA GRABADA ]
Feudal
9:54
Castillos
25:52
Imperial
—
| APM promedio | 41.9 |
| APM pico | 72 |
| eAPM promedio | 18.0 |
| Aldeanos / militares | 68 / 48 |
Foco
⚔️ 32.5% · 🌾 67.5%
Knight ×23 · Skirmisher ×12 · Spearman ×6 · Battering Ram ×6 · Monk ×1
Feudal
10:06
Castillos
25:07
Imperial
—
| APM promedio | 29.5 |
| APM pico | 63 |
| eAPM promedio | 18.9 |
| Aldeanos / militares | 89 / 35 |
Foco
⚔️ 27.9% · 🌾 72.1%
Knight ×19 · Spearman ×5 · Militia ×4 · Monk ×3 · Scout Cavalry ×2 · Scorpion ×1
Mapa de la partida
Recursos iniciales + cada clic de construcción. Líneas = muros · curvas = relieve. ◆ oro · ⬟ piedra · ● bayas · ✦ reliquia · ◌ hueco del cierre
Tu base· Abierta — flanco sin cerrar
Base de moneymickey· Abierta — flanco sin cerrar
Terreno inicial suavizado · ◌ = hueco del cierre detectado · pasá el cursor para detalles
Inputs por minuto
— Mingzhou - - moneymickey
Build order — Mingzhou
Primeras 150 de 202 acciones detectadas
| 0:01 | Encolar | Villager (Male) |
| 0:01 | Encolar | Villager (Male) |
| 0:01 | Encolar | Villager (Male) |
| 0:06 | Encolar | Villager (Male) |
| 0:06 | Encolar | Villager (Male) |
| 1:29 | Encolar | Villager (Male) |
| 1:57 | Encolar | Villager (Male) |
| 2:10 | Construir | Lumber Camp |
| 2:18 | Encolar | Villager (Male) |
| 2:54 | Encolar | Villager (Male) |
| 3:14 | Encolar | Villager (Male) |
| 3:17 | Encolar | Villager (Male) |
| 3:36 | Encolar | Villager (Male) |
| 4:08 | Encolar | Villager (Male) |
| 4:18 | Encolar | Villager (Male) |
| 5:05 | Construir | Mill |
| 5:09 | Encolar | Villager (Male) |
| 5:46 | Encolar | Villager (Male) |
| 6:18 | Investigar | Loom |
| 7:39 | Encolar | Villager (Male) |
| 7:39 | Encolar | Villager (Male) |
| 7:44 | Investigar | Feudal Age |
| 7:44 | Investigar | Feudal Age |
| 8:54 | Construir | Barracks |
| 8:57 | Encolar | Villager (Male) |
| 8:57 | Encolar | Villager (Male) |
| 9:39 | Encolar | Villager (Male) |
| 9:54 | Edad | Edad Feudal |
| 9:55 | Construir | Archery Range |
| 9:56 | Encolar | Spearman |
| 9:56 | Encolar | Spearman |
| 9:57 | Encolar | Villager (Male) |
| 10:09 | Construir | Palisade Wall |
| 10:11 | Construir | Palisade Wall |
| 10:12 | Construir | Palisade Wall |
| 10:14 | Construir | Palisade Wall |
| 10:16 | Construir | Palisade Wall |
| 10:22 | Construir | Palisade Wall |
| 10:26 | Construir | Palisade Wall |
| 10:28 | Construir | Palisade Wall |
| 10:44 | Construir | Watch Tower |
| 10:45 | Encolar | Skirmisher |
| 10:46 | Encolar | Skirmisher |
| 10:47 | Encolar | Villager (Male) |
| 11:04 | Encolar | Villager (Male) |
| 11:18 | Construir | Blacksmith |
| 11:25 | Encolar | Spearman |
| 11:25 | Encolar | Spearman |
| 11:26 | Encolar | Skirmisher |
| 11:28 | Encolar | Villager (Male) |
| 12:01 | Construir | Mining Camp |
| 12:12 | Construir | Palisade Wall |
| 12:13 | Construir | Palisade Wall |
| 12:14 | Construir | Palisade Wall |
| 12:15 | Construir | Palisade Wall |
| 12:22 | Encolar | Skirmisher |
| 12:26 | Construir | Farm |
| 12:39 | Construir | Farm |
| 12:40 | Construir | Farm |
| 12:49 | Investigar | Fletching |
| 12:49 | Investigar | Fletching |
| 12:50 | Encolar | Villager (Male) |
| 12:54 | Construir | Mill |
| 13:19 | Encolar | Skirmisher |
| 13:35 | Construir | Farm |
| 13:59 | Construir | Outpost |
| 14:03 | Encolar | Skirmisher |
| 14:13 | Construir | Farm |
| 14:14 | Construir | Farm |
| 14:31 | Construir | Farm |
| 14:33 | Construir | Farm |
| 14:43 | Encolar | Villager (Male) |
| 15:07 | Construir | Farm |
| 15:30 | Encolar | Villager (Male) |
| 15:32 | Construir | Farm |
| 15:34 | Construir | Farm |
| 15:34 | Construir | Farm |
| 15:35 | Construir | Farm |
| 15:38 | Encolar | Skirmisher |
| 15:47 | Encolar | Skirmisher |
| 16:01 | Encolar | Villager (Male) |
| 16:18 | Encolar | Skirmisher |
| 16:31 | Encolar | Villager (Male) |
| 16:39 | Encolar | Villager (Male) |
| 16:43 | Construir | Mining Camp |
| 17:06 | Encolar | Skirmisher |
| 17:08 | Encolar | Villager (Male) |
| 17:19 | Encolar | Villager (Male) |
| 17:25 | Construir | Farm |
| 17:42 | Encolar | Skirmisher |
| 17:45 | Encolar | Villager (Male) |
| 18:00 | Encolar | Skirmisher |
| 18:01 | Encolar | Villager (Male) |
| 18:06 | Construir | Watch Tower |
| 18:28 | Construir | Watch Tower |
| 18:46 | Encolar | Villager (Male) |
| 18:52 | Construir | Watch Tower |
| 18:58 | Encolar | Villager (Male) |
| 19:02 | Encolar | Villager (Male) |
| 19:06 | Construir | Mill |
| 19:07 | Construir | Farm |
| 19:08 | Construir | Farm |
| 19:18 | Encolar | Villager (Male) |
| 19:31 | Encolar | Villager (Male) |
| 20:04 | Construir | Watch Tower |
| 20:13 | Construir | Watch Tower |
| 20:19 | Investigar | Padded Archer Armor |
| 20:19 | Investigar | Padded Archer Armor |
| 20:25 | Construir | Farm |
| 20:27 | Construir | Farm |
| 20:39 | Construir | Market |
| 20:45 | Encolar | Villager (Male) |
| 21:05 | Construir | Farm |
| 21:10 | Construir | Palisade Wall |
| 21:10 | Construir | Palisade Wall |
| 21:12 | Construir | Palisade Wall |
| 21:13 | Construir | Palisade Wall |
| 21:16 | Construir | Palisade Wall |
| 21:22 | Encolar | Villager (Male) |
| 21:51 | Construir | Farm |
| 23:12 | Investigar | Castle Age |
| 23:12 | Investigar | Castle Age |
| 23:27 | Construir | Stable |
| 23:32 | Construir | Stable |
| 24:23 | Construir | Farm |
| 25:04 | Construir | Lumber Camp |
| 25:09 | Encolar | Villager (Male) |
| 25:26 | Encolar | Villager (Male) |
| 25:52 | Edad | Edad de los Castillos |
| 25:54 | Encolar | Knight |
| 25:55 | Encolar | Knight |
| 26:13 | Construir | Siege Workshop |
| 26:25 | Encolar | Knight |
| 26:26 | Encolar | Knight |
| 26:56 | Encolar | Knight |
| 26:56 | Encolar | Knight |
| 27:02 | Encolar | Battering Ram |
| 27:11 | Encolar | Villager (Male) |
| 27:16 | Investigar | Scale Barding Armor |
| 27:17 | Investigar | Double-Bit Axe |
| 27:17 | Investigar | Double-Bit Axe |
| 27:19 | Encolar | Villager (Male) |
| 27:35 | Encolar | Knight |
| 27:40 | Encolar | Battering Ram |
| 27:41 | Encolar | Battering Ram |
| 28:00 | Encolar | Villager (Male) |
| 28:05 | Construir | Farm |
| 28:07 | Encolar | Knight |
| 28:07 | Encolar | Knight |
| 28:11 | Encolar | Villager (Male) |
Build order — moneymickey
Primeras 150 de 231 acciones detectadas
| 0:00 | Encolar | Villager (Male) |
| 0:01 | Encolar | Villager (Male) |
| 0:01 | Encolar | Villager (Male) |
| 0:03 | Construir | House |
| 0:05 | Construir | House |
| 0:24 | Encolar | Villager (Male) |
| 1:31 | Encolar | Villager (Male) |
| 1:45 | Construir | Lumber Camp |
| 1:55 | Encolar | Villager (Male) |
| 2:22 | Encolar | Villager (Male) |
| 2:46 | Encolar | Villager (Male) |
| 3:08 | Encolar | Villager (Male) |
| 3:30 | Encolar | Villager (Male) |
| 3:49 | Construir | House |
| 3:51 | Construir | House |
| 4:06 | Encolar | Villager (Male) |
| 4:19 | Construir | Palisade Wall |
| 4:21 | Construir | Palisade Wall |
| 4:27 | Construir | Mill |
| 4:31 | Encolar | Villager (Male) |
| 4:55 | Encolar | Villager (Male) |
| 5:18 | Encolar | Villager (Male) |
| 5:43 | Encolar | Villager (Male) |
| 5:55 | Encolar | Villager (Male) |
| 6:06 | Encolar | Villager (Male) |
| 6:14 | Encolar | Villager (Male) |
| 6:48 | Construir | Barracks |
| 6:58 | Investigar | Loom |
| 7:22 | Construir | Mining Camp |
| 7:29 | Construir | House |
| 7:52 | Investigar | Feudal Age |
| 8:08 | Encolar | Militia |
| 8:12 | Construir | Palisade Wall |
| 8:17 | Construir | Palisade Wall |
| 8:27 | Encolar | Militia |
| 8:28 | Encolar | Militia |
| 8:49 | Construir | House |
| 8:51 | Construir | Palisade Wall |
| 8:53 | Encolar | Militia |
| 9:33 | Encolar | Villager (Male) |
| 9:41 | Construir | Mill |
| 9:51 | Encolar | Villager (Male) |
| 10:06 | Edad | Edad Feudal |
| 10:08 | Construir | Mining Camp |
| 10:12 | Investigar | Man-at-Arms (upgrade) |
| 10:13 | Encolar | Villager (Male) |
| 10:37 | Construir | House |
| 10:43 | Construir | Farm |
| 10:45 | Construir | Farm |
| 10:50 | Encolar | Spearman |
| 11:07 | Encolar | Villager (Male) |
| 11:20 | Construir | Watch Tower |
| 11:29 | Construir | Farm |
| 11:44 | Construir | Farm |
| 11:45 | Encolar | Villager (Male) |
| 12:13 | Construir | Watch Tower |
| 12:25 | Construir | Palisade Wall |
| 12:26 | Construir | Palisade Wall |
| 12:27 | Construir | Palisade Wall |
| 12:27 | Construir | Palisade Wall |
| 12:28 | Construir | Palisade Wall |
| 12:39 | Construir | Lumber Camp |
| 12:45 | Investigar | Town Watch |
| 12:53 | Encolar | Villager (Male) |
| 13:25 | Construir | House |
| 13:32 | Encolar | Villager (Male) |
| 13:52 | Construir | House |
| 13:54 | Encolar | Villager (Male) |
| 14:01 | Construir | Farm |
| 14:05 | Construir | Farm |
| 14:09 | Construir | Watch Tower |
| 14:18 | Encolar | Villager (Male) |
| 14:26 | Construir | Outpost |
| 14:33 | Encolar | Villager (Male) |
| 14:47 | Encolar | Villager (Male) |
| 14:57 | Construir | House |
| 15:15 | Encolar | Villager (Male) |
| 15:21 | Encolar | Villager (Male) |
| 15:37 | Encolar | Villager (Male) |
| 15:49 | Construir | Mill |
| 15:51 | Encolar | Villager (Male) |
| 16:05 | Construir | House |
| 16:10 | Encolar | Villager (Male) |
| 16:12 | Construir | Farm |
| 16:16 | Construir | Farm |
| 16:36 | Construir | House |
| 16:37 | Encolar | Villager (Male) |
| 16:45 | Construir | Farm |
| 16:50 | Construir | Farm |
| 16:52 | Construir | Farm |
| 16:54 | Encolar | Villager (Male) |
| 17:00 | Construir | Watch Tower |
| 17:04 | Encolar | Villager (Male) |
| 17:10 | Investigar | Double-Bit Axe |
| 17:10 | Encolar | Villager (Male) |
| 17:24 | Encolar | Villager (Male) |
| 17:46 | Encolar | Villager (Male) |
| 17:51 | Construir | Watch Tower |
| 18:09 | Construir | Blacksmith |
| 18:14 | Encolar | Villager (Male) |
| 18:47 | Construir | Watch Tower |
| 18:54 | Construir | Watch Tower |
| 19:01 | Investigar | Fletching |
| 19:07 | Encolar | Villager (Male) |
| 19:15 | Construir | Farm |
| 19:17 | Construir | Farm |
| 19:18 | Encolar | Villager (Male) |
| 19:29 | Encolar | Villager (Male) |
| 19:50 | Encolar | Villager (Male) |
| 19:55 | Construir | Farm |
| 20:02 | Encolar | Villager (Male) |
| 20:45 | Construir | Mining Camp |
| 21:04 | Encolar | Villager (Male) |
| 21:18 | Encolar | Villager (Male) |
| 21:36 | Encolar | Villager (Male) |
| 21:54 | Construir | Market |
| 22:27 | Investigar | Castle Age |
| 23:03 | Construir | House |
| 23:06 | Investigar | Stone Mining |
| 23:11 | Construir | Farm |
| 23:13 | Construir | Mill |
| 23:14 | Construir | Farm |
| 23:16 | Construir | Farm |
| 23:38 | Construir | Archery Range |
| 23:50 | Construir | Stable |
| 23:54 | Investigar | Scale Barding Armor |
| 23:56 | Investigar | Gold Mining |
| 24:03 | Construir | Farm |
| 24:03 | Encolar | Villager (Male) |
| 24:20 | Construir | Watch Tower |
| 24:23 | Construir | Farm |
| 24:27 | Investigar | Horse Collar |
| 24:47 | Encolar | Scout Cavalry |
| 24:47 | Encolar | Scout Cavalry |
| 24:51 | Encolar | Villager (Male) |
| 24:54 | Construir | Lumber Camp |
| 25:00 | Construir | Farm |
| 25:07 | Edad | Edad de los Castillos |
| 25:12 | Encolar | Knight |
| 25:24 | Construir | University |
| 25:27 | Encolar | Knight |
| 25:36 | Encolar | Villager (Male) |
| 25:39 | Investigar | Bodkin Arrow |
| 25:50 | Encolar | Villager (Male) |
| 25:58 | Investigar | Guard Tower (upgrade) |
| 26:15 | Encolar | Villager (Male) |
| 26:18 | Encolar | Villager (Male) |
| 26:43 | Encolar | Knight |
| 26:46 | Encolar | Villager (Male) |
| 26:47 | Construir | Farm |
Cronología de la partida
| 4:19 | moneymickey · wall_segment Palisade Wall x1 |
| 4:21 | moneymickey · wall_segment Palisade Wall x3 |
| 6:48 | moneymickey · first_building Barracks |
| 8:12 | moneymickey · wall_segment Palisade Wall x1 |
| 8:17 | moneymickey · wall_segment Palisade Wall x5 |
| 8:51 | moneymickey · wall_segment Palisade Wall x1 |
| 8:54 | Mingzhou · first_building Barracks |
| 9:54 | Mingzhou · age_up feudal |
| 9:55 | Mingzhou · first_building Archery Range |
| 10:06 | moneymickey · age_up feudal |
| 10:09 | Mingzhou · wall_segment Palisade Wall x1 |
| 10:11 | Mingzhou · wall_segment Palisade Wall x1 |
| 10:12 | Mingzhou · wall_segment Palisade Wall x1 |
| 10:14 | Mingzhou · wall_segment Palisade Wall x1 |
| 10:16 | Mingzhou · wall_segment Palisade Wall x1 |
| 10:22 | Mingzhou · wall_segment Palisade Wall x1 |
| 10:26 | Mingzhou · wall_segment Palisade Wall x1 |
| 10:28 | Mingzhou · wall_segment Palisade Wall x1 |
| 12:12 | Mingzhou · wall_segment Palisade Wall x1 |
| 12:13 | Mingzhou · wall_segment Palisade Wall x1 |
| 12:14 | Mingzhou · wall_segment Palisade Wall x1 |
| 12:15 | Mingzhou · wall_segment Palisade Wall x1 |
| 12:25 | moneymickey · wall_segment Palisade Wall x1 |
| 12:26 | moneymickey · wall_segment Palisade Wall x1 |
| 12:27 | moneymickey · wall_segment Palisade Wall x1 |
| 12:27 | moneymickey · wall_segment Palisade Wall x1 |
| 12:28 | moneymickey · wall_segment Palisade Wall x1 |
| 21:10 | Mingzhou · wall_segment Palisade Wall x1 |
| 21:10 | Mingzhou · wall_segment Palisade Wall x1 |
| 21:12 | Mingzhou · wall_segment Palisade Wall x2 |
| 21:13 | Mingzhou · wall_segment Palisade Wall x1 |
| 21:16 | Mingzhou · wall_segment Palisade Wall x2 |
| 22:27 | moneymickey · first_market_buy 100 food |
| 23:27 | Mingzhou · first_building Stable |
| 23:38 | moneymickey · first_building Archery Range |
| 23:50 | moneymickey · first_building Stable |
| 25:07 | moneymickey · age_up castle |
| 25:52 | Mingzhou · age_up castle |
| 26:13 | Mingzhou · first_building Siege Workshop |
| 28:26 | moneymickey · wall_segment Stone Wall x1 |
| 28:29 | moneymickey · wall_segment Stone Wall x1 |
| 28:30 | moneymickey · wall_segment Stone Wall x1 |
| 29:15 | moneymickey · first_building Siege Workshop |
| 32:13 | Mingzhou · first_building Monastery |
| 32:56 | moneymickey · first_building Monastery |
| 34:59 | Mingzhou · resign |
[ ANÁLISIS IA · 1 CRÉDITO ]
¿Qué pasó realmente en esta partida?
Wolo.gg analiza cada decisión: build order, eco, micro, errores típicos por bracket. Análisis personalizado por WhatsApp o Discord en 30 segundos.
Guía civ
Hunos
Perfil
Jugador #358539